[Event "Titled Tuesday Blitz September 27 Early 2022"]
[White "Al-Tarboush, Ward"]
[Black "Averjanov, Alexey"]
[WhiteFideId "7601450"]
[BlackFideId "14109867"]
[WhiteElo "2234"]
[BlackElo "2650"]
[Result "1-0"]
[Round "08"]
[TimeControl "180+1"]
[Date "2022.09.27"]
[WhiteClock "0:00:13"]
[BlackClock "0:00:06"]

1. e4 c6 2. Nf3 d5 3. Nc3 Bg4 4. h3 Bxf3 5. Qxf3 e6 6. d3 Nf6 7. Bd2 Qb6 8. O-O-O d4 9. Ne2 c5 10. g4 Nc6 11. g5 Nd7 12. Kb1 O-O-O 13. Qg3 c4 14. dxc4 Nc5 15. Nc1 Nxe4 16. Qf3 Nc3+ 17. Bxc3 dxc3 18. Rxd8+ Qxd8 19. Qxc3 Qxg5 20. Bd3 Bb4 21. Qb3 Rd8 22. a3 Be7 23. Be4 Bf6 24. Bxc6 bxc6 25. Nd3 Qg2 26. Rc1 Qxh3 27. Qa4 Qh2 28. Qxc6+ Qc7 29. Qa8+ Qb8 30. Qc6+ Qc7 31. Qe4 Rd4 32. Qa8+ Kd7 33. Rd1 Qxc4 34. Qxa7+ Ke8 35. Qb8+ Rd8 36. Qb6 Rc8 37. Nb4 h5 38. Qb7 h4 39. Qf3 Rd8 40. Re1 Qd4 41. c3 Qc4 42. Qh5 Rd2 43. a4 Qb3 44. Qb5+ Kf8 45. Qb8+ Ke7 46. Nc6+ Kd7 47. Qxb3 1-0


[Site "https://www.chess.com"]

[Event "Titled Tuesday Blitz September 27 Early 2022"]
[White "Aldokhin, Ivan"]
[Black "Zong, Davis"]
[WhiteFideId "24115720"]
[BlackFideId "30903955"]
[WhiteElo "2243"]
[BlackElo "2061"]
[Result "1-0"]
[Round "08"]
[TimeControl "180+1"]
[Date "2022.09.27"]
[WhiteClock "0:01:32"]
[BlackClock "0:01:35"]

1. e4 e5 2. Nf3 Nc6 3. Bb5 a6 4. Ba4 Nf6 5. O-O Be7 6. Re1 b5 7. Bb3 O-O 8. d4 d6 9. c3 Bg4 10. d5 Na5 11. Bc2 Nc4 12. a4 Qd7 13. b3 Nb6 14. a5 Nc8 15. Nbd2 c6 16. h3 Bh5 17. dxc6 Qxc6 18. Bb2 d5 19. g4 dxe4 20. Nxe4 Bg6 21. Nxe5 Qc7 22. Nxg6 fxg6 23. Nxf6+ Bxf6 24. Qd5+ Qf7 25. Qxa8 Bxc3 26. Bxc3 Qxf2+ 27. Kh1 Qxc2 28. Qd5+ Kh8 29. Qd4 Rg8 30. Re8 Rxe8 31. Qxg7# 1-0


[Site "https://www.chess.com"]

[Event "Titled Tuesday Blitz September 27 Early 2022"]
[White "Alexikov, Alexander"]
[Black "Antonio, Jorge Carlos"]
[WhiteFideId "14103958"]
[BlackFideId "113190"]
[WhiteElo "2222"]
[BlackElo "2247"]
[Result "0-1"]
[Round "08"]
[TimeControl "180+1"]
[Date "2022.09.27"]
[WhiteClock "0:00:01"]
[BlackClock "0:00:11"]

1. e4 c5 2. Nf3 e6 3. Nc3 Nc6 4. d4 cxd4 5. Nxd4 a6 6. Nxc6 bxc6 7. Bd3 d5 8. Qe2 Nf6 9. O-O Bb4 10. Bd2 O-O 11. Rad1 Be7 12. b3 a5 13. Rfe1 Qb6 14. Na4 Qa7 15. Be3 d4 16. Bc1 e5 17. Bc4 Bb4 18. Rf1 Bg4 19. f3 d3+ 20. Qf2 Qxf2+ 21. Rxf2 dxc2 22. Rxc2 Be6 23. Bb2 Bxc4 24. Rxc4 Rfd8 25. Rdc1 Rd2 26. R1c2 Rxc2 27. Rxc2 Rd8 28. Bxe5 Ne8 29. Kf2 Rd2+ 30. Rxd2 Bxd2 31. Ke2 Bb4 32. Kd3 f6 33. Bf4 Kf7 34. Kc4 Ke6 35. Bb8 f5 36. Nc5+ Ke7 37. exf5 Nd6+ 38. Bxd6+ Kxd6 39. Nd3 Bd2 40. a3 h6 41. g4 c5 42. Nf2 Ke5 43. Ne4 Be3 44. Nxc5 Kf4 45. b4 axb4 46. axb4 Kxf3 47. Ne6 Kxg4 48. Nxg7 Kg5 49. Kd5 Kf6 50. Ke4 Bb6 51. Ne8+ Kf7 52. Nd6+ Kg8 53. f6 Kf8 0-1


[Site "https://www.chess.com"]

[Event "Titled Tuesday Blitz September 27 Early 2022"]
[White "Andreikin, Dmitry"]
[Black "Carlsen, Magnus"]
[WhiteFideId "4158814"]
[BlackFideId "1503014"]
[WhiteElo "2736"]
[BlackElo "2830"]
[Result "1-0"]
[Round "08"]
[TimeControl "180+1"]
[Date "2022.09.27"]
[WhiteClock "0:00:05"]
[BlackClock "0:00:06"]

1. d4 d6 2. e4 g6 3. Bc4 Nf6 4. Qe2 Nc6 5. Nf3 Bg4 6. c3 e5 7. Bb5 Nd7 8. dxe5 Ndxe5 9. Nbd2 Bg7 10. h3 Bd7 11. O-O O-O 12. Nxe5 Nxe5 13. f4 a6 14. Bxd7 Nxd7 15. f5 Qe7 16. Qf3 Rae8 17. g4 Bh6 18. Rf2 d5 19. f6 Qd8 20. Qg3 Nxf6 21. e5 Bxd2 22. Rxf6 Bxc1 23. Rxc1 Re6 24. Rcf1 Qe7 25. Rxe6 fxe6 26. Rf6 Rxf6 27. exf6 Qc5+ 28. Kg2 d4 29. cxd4 Qc2+ 30. Kf3 Qd3+ 31. Kg2 Qxg3+ 32. Kxg3 g5 33. h4 h6 34. hxg5 hxg5 35. Kf3 Kf7 36. Ke4 Kxf6 37. d5 a5 38. a4 e5 39. b3 b6 40. Kd3 Ke7 41. Ke3 Kd7 42. Kd3 c6 43. Ke4 c5 44. Kxe5 b5 45. axb5 1-0


[Site "https://www.chess.com"]

[Event "Titled Tuesday Blitz September 27 Early 2022"]
[White "Arutinian, David"]
[Black "Moaataz, Ayah"]
[WhiteFideId "13601741"]
[BlackFideId "10615873"]
[WhiteElo "2525"]
[BlackElo "1993"]
[Result "1-0"]
[Round "08"]
[TimeControl "180+1"]
[Date "2022.09.27"]
[WhiteClock "0:01:59"]
[BlackClock "0:00:52"]

1. Nf3 d5 2. e3 Nf6 3. c4 c6 4. Nc3 e6 5. b3 Bd6 6. Bb2 O-O 7. d4 Qe7 8. Bd3 Ba3 9. Qc1 Bxb2 10. Qxb2 Nbd7 11. O-O a6 12. e4 dxe4 13. Nxe4 Nxe4 14. Bxe4 Nf6 15. Bd3 c5 16. Rfe1 cxd4 17. Nxd4 Rd8 18. Rad1 Bd7 19. Bb1 Bc6 20. Nxc6 bxc6 21. Bd3 Qc5 22. Be2 a5 23. Bf3 a4 24. b4 Rxd1 25. Rxd1 Qxc4 26. Rc1 a3 27. Qb1 Qd4 28. Bxc6 Rb8 29. b5 Nd5 30. g3 g6 31. Qb3 Nb4 32. Qxa3 Nd3 33. Rf1 Ne5 34. Rc1 g5 35. Qc5 Qd2 36. Qc3 Qd6 37. a4 g4 38. a5 Rc8 39. a6 Nf3+ 40. Kg2 Ng5 41. a7 Rxc6 42. a8=Q+ 1-0


[Site "https://www.chess.com"]

[Event "Titled Tuesday Blitz September 27 Early 2022"]
[White "Azaladze, Shota"]
[Black "Reyes, Narquingden"]
[WhiteFideId "13603027"]
[BlackFideId "5217334"]
[WhiteElo "2757"]
[BlackElo "2636"]
[Result "0-1"]
[Round "08"]
[TimeControl "180+1"]
[Date "2022.09.27"]
[WhiteClock "0:01:23"]
[BlackClock "0:00:43"]

1. Nf3 d5 2. g3 Bg4 3. Bg2 Nd7 4. O-O Ngf6 5. d3 e6 6. Nbd2 Be7 7. e4 O-O 8. h3 Bh5 9. Qe2 c5 10. Re1 Rc8 11. Nf1 b5 12. g4 Bg6 13. Ng3 c4 14. e5 Ne8 15. d4 b4 16. Bf4 Nb6 17. Qe3 Bxc2 18. h4 c3 19. b3 Bxh4 20. Nxh4 Qxh4 21. Bf3 Qe7 22. Kg2 f5 23. exf6 Nxf6 24. Re2 Bg6 25. Rae1 c2 26. Nf5 Qd7 27. Nh4 Rc3 28. Qd2 Ne4 29. Qc1 Qf7 30. Nxg6 hxg6 31. Bxe4 dxe4 32. Rxe4 Nd5 33. Bg3 Qf3+ 34. Kg1 Rfc8 35. Rxe6 Rd3 36. Qg5 Rd1 37. Kh2 c1=Q 38. Re8+ Rxe8 39. Rxe8+ Kf7 40. Re7+ Nxe7 0-1


[Site "https://www.chess.com"]

[Event "Titled Tuesday Blitz September 27 Early 2022"]
[White "Babazada, Khazar"]
[Black "Oparin, Grigoriy"]
[WhiteFideId "13413554"]
[BlackFideId "24125890"]
[WhiteElo "2409"]
[BlackElo "2639"]
[Result "1-0"]
[Round "08"]
[TimeControl "180+1"]
[Date "2022.09.27"]
[WhiteClock "0:01:02"]
[BlackClock "0:00:05"]

1. e4 e5 2. Nf3 Nc6 3. Bb5 a6 4. Ba4 Nf6 5. O-O Be7 6. d4 exd4 7. e5 Ne4 8. Nxd4 Nc5 9. Bxc6 dxc6 10. Nc3 O-O 11. Be3 Re8 12. f4 Ne6 13. Nxe6 Qxd1 14. Raxd1 Bxe6 15. f5 Bc8 16. a3 Bf8 17. g4 Rxe5 18. Bf4 Re8 19. Bxc7 b5 20. Bd6 Bb7 21. Bxf8 Kxf8 22. Rd7 Re7 23. Rfd1 c5 24. Kf2 Ke8 25. Rxe7+ Kxe7 26. Nd5+ Bxd5 27. Rxd5 Rc8 28. Ke3 g6 29. Kf4 f6 30. h4 Rc6 31. fxg6 hxg6 32. h5 Ke6 33. Rd8 gxh5 34. gxh5 Rc7 35. Ra8 Rh7 36. Rxa6+ Kd5 37. Rxf6 Rxh5 38. Rf5+ Rxf5+ 39. Kxf5 Kd4 40. Kf4 Kc4 41. Ke4 b4 42. a4 b3 43. cxb3+ Kxb3 44. a5 Kxb2 45. Kd5 1-0


[Site "https://www.chess.com"]

[Event "Titled Tuesday Blitz September 27 Early 2022"]
[White "Baches Garcia, Guillermo"]
[Black "Szente Varga, Fruzsina"]
[WhiteFideId "2209764"]
[BlackFideId "712264"]
[WhiteElo "2412"]
[BlackElo "1994"]
[Result "0-1"]
[Round "08"]
[TimeControl "180+1"]
[Date "2022.09.27"]
[WhiteClock "0:00:19"]
[BlackClock "0:00:07"]

1. d4 Nf6 2. c4 g6 3. Nc3 Bg7 4. e4 d6 5. f4 O-O 6. Nf3 c5 7. d5 e6 8. dxe6 Bxe6 9. Bd3 Re8 10. O-O Nc6 11. f5 Bd7 12. Bg5 h6 13. Bh4 g5 14. Nxg5 hxg5 15. Bxg5 Ne5 16. Be2 Bc6 17. Qe1 Qd7 18. Qh4 Nh7 19. Bf4 f6 20. Bh5 Re7 21. Rad1 Nxc4 22. Bg6 Nf8 23. Rd3 Bxe4 24. Nxe4 Rxe4 25. Rh3 Nxg6 26. Qh7+ Kf8 27. Bh6 Nce5 28. fxg6 Nxg6 29. Qxg6 Rg4 30. Rxf6+ Kg8 31. Qf5 Qxf5 32. Rxf5 Bxh6 33. Rxh6 Re8 34. h3 Rd4 35. Rg6+ Kh7 36. Rgf6 Re1+ 37. Kh2 Re7 38. Rf8 Rb4 39. R8f6 Kg7 40. Rf3 Rbe4 41. R6f5 Kg6 42. Rf8 R4e5 43. Rg8+ Kh7 44. Rg4 Rh5 45. Rf6 Rh6 46. Rf5 Rhe6 47. Rf8 Rg6 48. Rgf4 Rgg7 49. Rh4+ Kg6 50. Rf3 Rgf7 51. Rg3+ Kf6 52. Rh6+ Ke5 53. Re3+ Kd5 54. Rg3 Re6 55. Rh8 Kc6 56. Rh5 Rc7 57. Rgg5 Ree7 58. Rd5 Red7 59. Rd2 b5 60. Rh6 c4 61. h4 Kc5 62. Rg6 d5 63. Rg5 Rc6 64. Rg3 Rh6 65. Kh3 Rh5 66. Rg4 Rdh7 67. g3 b4 68. Rf4 c3 69. bxc3 bxc3 70. Rc2 d4 71. Rf3 Kc4 72. Rf8 d3 73. Rc8+ Kd4 74. R2xc3 d2 75. R3c7 d1=Q 76. Rxh7 Qh1+ 77. Kg4 Rd5 78. Rd8 Qe4+ 0-1


[Site "https://www.chess.com"]

[Event "Titled Tuesday Blitz September 27 Early 2022"]
[White "Badelka, Olga"]
[Black "Aloma Vidal, Robert"]
[WhiteFideId "13509926"]
[BlackFideId "2260409"]
[WhiteElo "2165"]
[BlackElo "2435"]
[Result "1-0"]
[Round "08"]
[TimeControl "180+1"]
[Date "2022.09.27"]
[WhiteClock "0:00:04"]
[BlackClock "0:00:13"]

1. c4 c6 2. Nf3 d5 3. e3 Nf6 4. b3 e6 5. Bb2 Nbd7 6. Be2 Bd6 7. Qc2 O-O 8. g4 e5 9. g5 Ne4 10. Nc3 Nxg5 11. cxd5 cxd5 12. Nxd5 Nb6 13. Nxb6 Nxf3+ 14. Bxf3 axb6 15. Be4 Qh4 16. Bc3 b5 17. b4 Be6 18. Bxb7 Rad8 19. a4 bxa4 20. Rxa4 f5 21. b5 Qe7 22. Bc6 f4 23. b6 fxe3 24. fxe3 Rc8 25. Be4 Qh4+ 26. Kd1 Kh8 27. b7 Rb8 28. Kc1 Qh3 29. Ra8 Bf5 30. Bxf5 Rxf5 31. Rxb8+ Bxb8 32. Bb4 h5 33. Qc8+ Kh7 34. Qxb8 Qf3 35. Rg1 Qc6+ 36. Kb2 Qc4 37. Qd6 Rf6 38. b8=Q 1-0


[Site "https://www.chess.com"]

[Event "Titled Tuesday Blitz September 27 Early 2022"]
[White "Balabayeva, Xeniya"]
[Black "Blokhin, Sofia"]
[WhiteFideId "13719688"]
[BlackFideId "4508190"]
[WhiteElo "1895"]
[BlackElo "1771"]
[Result "1-0"]
[Round "08"]
[TimeControl "180+1"]
[Date "2022.09.27"]
[WhiteClock "0:00:50"]
[BlackClock "0:00:47"]

1. e4 c5 2. Nf3 Nc6 3. Bb5 Qb6 4. Nc3 e6 5. Bxc6 Qxc6 6. e5 d5 7. exd6 Bxd6 8. d3 Nf6 9. Qe2 h6 10. O-O O-O 11. Bd2 a6 12. a4 b6 13. Ne4 Nxe4 14. dxe4 e5 15. h3 Bb7 16. Rfe1 Rad8 17. Bc3 f6 18. Nh4 b5 19. axb5 axb5 20. b3 c4 21. b4 Ra8 22. Rad1 Ra4 23. Nf5 Bxb4 24. Bxb4 Rxb4 25. Ne7+ Kh7 26. Nxc6 Bxc6 27. Rd6 Bb7 28. Red1 Rb2 29. Rd7 Bc8 30. Rd8 Rxd8 31. Rxd8 Be6 32. Re8 Bg8 33. Re7 Kh8 34. Qg4 g5 35. Qf5 1-0


[Site "https://www.chess.com"]

[Event "Titled Tuesday Blitz September 27 Early 2022"]
[White "Balint, Vilmos"]
[Black "Roque Sola, Jose Luis"]
[WhiteFideId "718050"]
[BlackFideId "5120390"]
[WhiteElo "2076"]
[BlackElo "1990"]
[Result "0-1"]
[Round "08"]
[TimeControl "180+1"]
[Date "2022.09.27"]
[WhiteClock "0:00:40"]
[BlackClock "0:00:48"]

1. e4 e6 2. d4 d5 3. Nc3 Nf6 4. e5 Nfd7 5. f4 c5 6. Nf3 Nc6 7. Be3 a6 8. Be2 b5 9. O-O Qb6 10. h3 cxd4 11. Nxd4 Bc5 12. Nxd5 exd5 13. c3 O-O 14. Kh2 Nxd4 15. cxd4 Be7 16. Bd3 f5 17. Rc1 Bb7 18. g4 fxg4 19. Qxg4 Rad8 20. f5 Nxe5 21. dxe5 Qxe3 22. f6 Qxe5+ 23. Kh1 d4+ 0-1


[Site "https://www.chess.com"]

[Event "Titled Tuesday Blitz September 27 Early 2022"]
[White "Barria Zuniga, Daniel"]
[Black "Sukandar, Irine Kharisma"]
[WhiteFideId "3400816"]
[BlackFideId "7101937"]
[WhiteElo "2414"]
[BlackElo "2284"]
[Result "1-0"]
[Round "08"]
[TimeControl "180+1"]
[Date "2022.09.27"]
[WhiteClock "0:00:34"]
[BlackClock "0:00:02"]

1. d4 d5 2. c4 c6 3. Nf3 e6 4. Nc3 Nf6 5. Bg5 Be7 6. e3 Nbd7 7. Qc2 O-O 8. O-O-O a5 9. Kb1 a4 10. h3 dxc4 11. Bxc4 b5 12. Bd3 a3 13. b3 b4 14. Bxf6 Nxf6 15. Ne4 Nd5 16. Ne5 Bb7 17. Ka1 f5 18. Nc5 Bxc5 19. Qxc5 Ra5 20. Qc2 c5 21. Bc4 cxd4 22. exd4 Kh8 23. Rhe1 Nc3 24. Bxe6 Nxd1 25. Qxd1 Bd5 26. Nc4 Ra6 27. Bxd5 Qxd5 28. Ne3 Qc6 29. Qd2 Rb6 30. Rc1 Qf6 31. Nd5 Qh6 32. Qxh6 Rxh6 33. Nxb4 Rd6 34. Rc4 Re8 35. Kb1 h5 36. Kc1 Re2 37. Rc2 Re1+ 38. Kd2 Rg1 39. d5 Rxg2 40. Ke3 Rh2 41. Rc6 Rxh3+ 42. f3 Rd8 43. d6 Rh4 44. Nd5 Rh2 45. Nb6 Rxa2 46. d7 Kh7 47. Rc8 Rxd7 48. Nxd7 Rb2 49. Nf8+ Kh6 50. f4 Rxb3+ 51. Kd4 a2 52. Rc6+ g6 53. Rxg6# 1-0


[Site "https://www.chess.com"]

[Event "Titled Tuesday Blitz September 27 Early 2022"]
[White "Bartel, Michal"]
[Black "Visakh N R"]
[WhiteFideId "1119257"]
[BlackFideId "25012223"]
[WhiteElo "2274"]
[BlackElo "2448"]
[Result "0-1"]
[Round "08"]
[TimeControl "180+1"]
[Date "2022.09.27"]
[WhiteClock "0:01:04"]
[BlackClock "0:00:39"]

1. e4 c5 2. Ne2 Nc6 3. g3 g6 4. Bg2 Bg7 5. c3 e5 6. d3 Nge7 7. Be3 d6 8. d4 exd4 9. cxd4 Qb6 10. d5 Ne5 11. O-O Ng4 12. Bc1 h5 13. h3 Ne5 14. Nbc3 Bd7 15. b3 c4 16. Be3 Qa6 17. bxc4 Nxc4 18. Bd4 O-O 19. Nf4 Ne5 20. Kh2 Rfc8 21. Nfe2 Qd3 22. f4 Qxd1 23. Rfxd1 Nc4 24. Rab1 b6 25. Nb5 Bxd4 26. Nbxd4 Ne3 27. Rd2 Nxg2 28. Kxg2 Rc4 29. Rc2 Rxc2 30. Nxc2 f5 31. e5 dxe5 32. fxe5 Nxd5 33. Rd1 Re8 34. Kh2 Rxe5 35. Nf4 Nxf4 36. Rxd7 Re2+ 37. Kh1 Rxc2 0-1


[Site "https://www.chess.com"]

[Event "Titled Tuesday Blitz September 27 Early 2022"]
[White "Bashirli, Saadat"]
[Black "Pacheco Lugo, Alejandro Jose"]
[WhiteFideId "13429990"]
[BlackFideId "3903745"]
[WhiteElo "1173"]
[BlackElo "2146"]
[Result "0-1"]
[Round "08"]
[TimeControl "180+1"]
[Date "2022.09.27"]
[WhiteClock "0:01:05"]
[BlackClock "0:01:04"]

1. d4 Nf6 2. c4 e6 3. Nc3 Bb4 4. e3 O-O 5. Bd3 d5 6. a3 Bd6 7. c5 Be7 8. Nge2 b6 9. cxb6 axb6 10. O-O c5 11. dxc5 bxc5 12. Nf4 Nc6 13. Qc2 c4 14. Be2 Rb8 15. Bd2 Na5 16. e4 d4 17. Na4 d3 18. Bxa5 Qxa5 19. Bxd3 cxd3 20. Nxd3 Ba6 21. Rfd1 Rfc8 22. Nc3 Nxe4 23. Rac1 Nxc3 24. bxc3 Bxd3 25. Qxd3 Qxa3 26. Qd7 Bc5 27. Rc2 g6 28. g3 Qb3 29. Rdc1 Rd8 30. Qc6 Qc4 31. Ra1 Bxf2+ 0-1


[Site "https://www.chess.com"]

[Event "Titled Tuesday Blitz September 27 Early 2022"]
[White "Begunov, Konstantin"]
[Black "Thiel, Thomas"]
[WhiteFideId "4118510"]
[BlackFideId "4615964"]
[WhiteElo "2165"]
[BlackElo "2200"]
[Result "0-1"]
[Round "08"]
[TimeControl "180+1"]
[Date "2022.09.27"]
[WhiteClock "0:00:03"]
[BlackClock "0:01:57"]

1. d4 Nf6 2. c4 g6 3. f3 c5 4. dxc5 e6 5. Be3 Qa5+ 6. Nc3 Bxc5 7. Bxc5 Qxc5 8. e4 O-O 9. Qd2 d5 10. cxd5 exd5 11. e5 Nfd7 12. Qxd5 Qb4 13. O-O-O Qf4+ 14. Kb1 Nxe5 15. g3 Qf5+ 16. Ka1 Nbc6 17. f4 Ng4 18. Nh3 Nb4 19. Qxf5 Bxf5 20. a3 Nc2+ 21. Ka2 Nce3 22. Bd3 Nxd1 23. Rxd1 Ne3 0-1


[Site "https://www.chess.com"]

[Event "Titled Tuesday Blitz September 27 Early 2022"]
[White "Bettalli, Francesco"]
[Black "Samarth, J Rao"]
[WhiteFideId "2816453"]
[BlackFideId "46652370"]
[WhiteElo "2216"]
[BlackElo "1514"]
[Result "1-0"]
[Round "08"]
[TimeControl "180+1"]
[Date "2022.09.27"]
[WhiteClock "0:01:39"]
[BlackClock "0:01:25"]

1. d4 d5 2. Nc3 Nf6 3. Bg5 Nbd7 4. Qd3 h6 5. Bh4 e6 6. O-O-O a6 7. e4 dxe4 8. Nxe4 Be7 9. Bg3 b5 10. Nf3 Bb7 11. Nxf6+ Nxf6 12. Be2 O-O 13. Rhe1 Be4 14. Qc3 Nd5 15. Qb3 Rc8 16. Bd3 Bxf3 17. gxf3 c5 18. dxc5 Bxc5 19. Be4 Qg5+ 20. Kb1 Rfd8 21. Bxd5 Rxd5 22. Rxd5 exd5 23. Re5 Qf6 24. Rxd5 Qxf3 25. Qxf3 1-0


[Site "https://www.chess.com"]

[Event "Titled Tuesday Blitz September 27 Early 2022"]
[White "Bharath Subramaniyam H"]
[Black "So, Wesley"]
[WhiteFideId "46634827"]
[BlackFideId "5202213"]
[WhiteElo "2346"]
[BlackElo "2763"]
[Result "1/2-1/2"]
[Round "08"]
[TimeControl "180+1"]
[Date "2022.09.27"]
[WhiteClock "0:01:21"]
[BlackClock "0:01:01"]

1. c4 e6 2. Nf3 d5 3. e3 Nf6 4. b3 c5 5. Bb2 Nc6 6. cxd5 exd5 7. d4 cxd4 8. Nxd4 Bb4+ 9. Bc3 Qb6 10. Nxc6 bxc6 11. Bd3 Ne4 12. Bxe4 dxe4 13. O-O O-O 14. Bxb4 Qxb4 15. Qd2 Qe7 16. Nc3 Rd8 17. Qc2 Ba6 18. Rfd1 Bd3 19. Qb2 Qe5 20. Rac1 Rd6 21. Na4 Qh5 22. Nc5 Rad8 23. Rd2 h6 24. Nb7 Rg6 25. Nxd8 Rxg2+ 26. Kxg2 Qg4+ 27. Kh1 Qf3+ 28. Kg1 Qg4+ 29. Kh1 Qf3+ 30. Kg1 Qg4+ 31. Kh1 1/2-1/2


[Site "https://www.chess.com"]

[Event "Titled Tuesday Blitz September 27 Early 2022"]
[White "Bilych, Olexiy"]
[Black "Maksimenko, Viktor"]
[WhiteFideId "14156504"]
[BlackFideId "13710478"]
[WhiteElo "2157"]
[BlackElo "2269"]
[Result "0-1"]
[Round "08"]
[TimeControl "180+1"]
[Date "2022.09.27"]
[WhiteClock "0:00:11"]
[BlackClock "0:00:15"]

1. e4 e5 2. Nf3 Nc6 3. Bb5 a6 4. Ba4 Nf6 5. O-O b5 6. Bb3 Bc5 7. c3 d6 8. d4 Bb6 9. Be3 O-O 10. Nbd2 h6 11. a4 Bb7 12. Bc2 Ng4 13. b4 Re8 14. Bb3 Qe7 15. h3 Nxe3 16. fxe3 Rf8 17. Qe1 Kh7 18. Qg3 g6 19. Kh1 Kg7 20. Nh4 Qg5 21. Qf2 Rae8 22. Ndf3 Qe7 23. Qg3 Kh7 24. Nh2 Bc8 25. Ng4 Bxg4 26. Qxg4 Nd8 27. Bxf7 Rxf7 28. Qxg6+ Kh8 29. Qxh6+ Kg8 30. Ng6 Rxf1+ 31. Rxf1 Qg7 32. Qh5 Nf7 33. Rf5 Re6 34. Nh4 Rf6 35. Qf3 Rxf5 36. Nxf5 Qf6 37. a5 Ba7 38. Qg4+ Kf8 39. Kh2 c6 40. h4 Bb8 41. h5 d5 42. exd5 exd4+ 43. Kh1 dxc3 44. Nd4 Qf1# 0-1


[Site "https://www.chess.com"]

[Event "Titled Tuesday Blitz September 27 Early 2022"]
[White "Bortnyk, Olexandr"]
[Black "Caruana, Fabiano"]
[WhiteFideId "14120828"]
[BlackFideId "2020009"]
[WhiteElo "2723"]
[BlackElo "2847"]
[Result "0-1"]
[Round "08"]
[TimeControl "180+1"]
[Date "2022.09.27"]
[WhiteClock "0:00:03"]
[BlackClock "0:00:07"]

1. d4 Nf6 2. Nc3 d5 3. Bf4 e6 4. Nb5 Na6 5. e3 Be7 6. Nf3 O-O 7. Ne5 c6 8. Nc3 Nb8 9. Bd3 c5 10. dxc5 Bxc5 11. Qf3 Nc6 12. Qh3 Nxe5 13. Bxe5 g6 14. O-O-O Bd6 15. Bxd6 Qxd6 16. Qh4 Kg7 17. g4 h6 18. f4 Bd7 19. g5 hxg5 20. fxg5 Nh5 21. Qd4+ e5 22. Qxd5 Qxd5 23. Nxd5 Rad8 24. Be2 Bf5 25. Nc3 f6 26. Rxd8 Rxd8 27. Bxh5 gxh5 28. Rg1 Kg6 29. gxf6+ Kxf6 30. h4 Bg4 31. Ne4+ Kf5 32. Ng3+ Ke6 33. Rf1 Bh3 34. Rd1 Rg8 35. Ne4 Ke7 36. Ng5 Bg2 37. Rd2 Bc6 38. Rf2 Bd5 39. a4 Rc8 40. Kd2 Rc4 41. e4 Bxe4 42. Rf7+ Kd6 43. Rf6+ Kd7 44. Rh6 Rxc2+ 45. Ke3 Bc6 46. b4 Bxa4 47. Rxh5 Bc6 48. Rh6 Rc3+ 49. Kd2 Rc4 50. Rh7+ Kd6 51. h5 Rxb4 52. h6 Rh4 53. Rh8 Rh2+ 54. Ke3 Ke7 55. h7 Kf6 56. Rg8 a5 57. Nf3 Rxh7 58. Rf8+ Rf7 59. Rxf7+ Kxf7 60. Nxe5+ Ke6 61. Nc4 a4 62. Kd4 b5 63. Na5 Kd6 64. Kc3 Kc5 65. Kb2 b4 66. Kc2 Kb5 0-1


[Site "https://www.chess.com"]

[Event "Titled Tuesday Blitz September 27 Early 2022"]
[White "Bowden, Karl"]
[Black "Jakubowski, Krzysztof"]
[WhiteFideId "400548"]
[BlackFideId "1112848"]
[WhiteElo "2480"]
[BlackElo "2306"]
[Result "1/2-1/2"]
[Round "08"]
[TimeControl "180+1"]
[Date "2022.09.27"]
[WhiteClock "0:00:13"]
[BlackClock "0:00:33"]

1. e4 c5 2. c3 Nf6 3. e5 Nd5 4. d4 cxd4 5. cxd4 Nc6 6. Nc3 Nxc3 7. bxc3 d6 8. f4 dxe5 9. fxe5 Bf5 10. Nf3 e6 11. Bd3 Bxd3 12. Qxd3 Be7 13. O-O O-O 14. Rb1 b6 15. Qe2 Rc8 16. Nd2 Na5 17. Ne4 Kh8 18. Rf3 f5 19. exf6 gxf6 20. Bh6 Rg8 21. Ng5 Qe8 22. Qxe6 Rxg5 23. Bxg5 fxg5 24. Qe5+ Kg8 25. Qe6+ Kg7 26. Qe5+ Kg6 27. Qe6+ Kg7 28. Qe5+ Kg6 29. Qe6+ Kg7 1/2-1/2


[Site "https://www.chess.com"]

[Event "Titled Tuesday Blitz September 27 Early 2022"]
[White "Broca Jimenez, Fernando"]
[Black "Koridze, Lile"]
[WhiteFideId "5104742"]
[BlackFideId "13612514"]
[WhiteElo "2062"]
[BlackElo "2050"]
[Result "0-1"]
[Round "08"]
[TimeControl "180+1"]
[Date "2022.09.27"]
[WhiteClock "0:00:14"]
[BlackClock "0:01:24"]

1. e4 c5 2. c3 Nf6 3. e5 Nd5 4. d4 cxd4 5. Nf3 Nc6 6. Bc4 Nb6 7. Bb3 d5 8. exd6 Qxd6 9. Nxd4 Nxd4 10. cxd4 g6 11. O-O Bg7 12. Be3 O-O 13. Nc3 a6 14. Rc1 Bf5 15. Qd2 Rad8 16. Rfd1 Rd7 17. Bh6 Rfd8 18. Bxg7 Kxg7 19. d5 e6 20. Qe3 exd5 21. Nxd5 Nxd5 22. Rxd5 Qf6 23. Rxd7 Rxd7 24. Qc3 Qxc3 25. bxc3 Rd2 26. Kf1 Bd3+ 27. Kg1 b5 28. h3 Rb2 29. g4 Bb1 30. c4 bxc4 31. Bxc4 a5 32. a4 Be4 33. Bb5 Rb3 34. h4 Bf3 35. Bd7 Rb7 36. Bc6 Rc7 37. Rc5 Rxc6 38. Rxa5 Rc4 39. Kh2 Bxg4 40. Ra7 Rc2 41. Kg3 Be6 42. a5 Ra2 43. Ra8 Bd5 44. Ra7 Ra4 45. a6 Bc4 46. Rc7 Bxa6 47. Ra7 Bb5 48. Rb7 Ra3+ 49. Kh2 Bc6 50. Rb6 Be4 51. Rb4 Bf5 52. Rf4 Kf6 53. Ra4 Rxa4 0-1


[Site "https://www.chess.com"]

[Event "Titled Tuesday Blitz September 27 Early 2022"]
[White "Bryakin, Mikhail"]
[Black "Balkum, Alexander"]
[WhiteFideId "4165314"]
[BlackFideId "2005069"]
[WhiteElo "2357"]
[BlackElo "2383"]
[Result "1-0"]
[Round "08"]
[TimeControl "180+1"]
[Date "2022.09.27"]
[WhiteClock "0:01:38"]
[BlackClock "0:00:09"]

1. e4 c5 2. Nf3 Nc6 3. c3 Nf6 4. e5 Nd5 5. Bc4 Nb6 6. Bb3 d5 7. exd6 e6 8. O-O Bxd6 9. d4 cxd4 10. Nxd4 Nxd4 11. Qxd4 O-O 12. Nd2 Be7 13. Qe3 Nd5 14. Qe2 b6 15. Nf3 Bb7 16. Rd1 Qc7 17. Qe5 Rac8 18. Qxc7 Rxc7 19. Bg5 Bxg5 20. Nxg5 Rd7 21. Nf3 Rfd8 22. Ne5 Rd6 23. Nc4 R6d7 24. Ne5 Rd6 25. g3 Kf8 26. Rd4 Nf6 27. Rad1 Rxd4 28. Rxd4 Rxd4 29. cxd4 Ke7 30. f4 Ne4 31. Bc2 f6 32. Ng4 h6 33. Ne3 Nd6 34. Bd3 Kd7 35. Kf2 Be4 36. Bxe4 Nxe4+ 37. Kf3 Nd6 38. a4 Kc6 39. b3 a6 40. g4 b5 41. a5 b4 42. f5 Kd7 43. Kf4 Nb5 44. Ke4 Nc3+ 45. Kd3 Nb5 46. fxe6+ Kxe6 47. Nc2 f5 48. gxf5+ Kxf5 49. Nxb4 Nc7 50. Kc4 Ke6 51. Kc5 Kd7 52. d5 g5 53. d6 Ne6+ 54. Kd5 h5 55. Nxa6 g4 56. Nb8+ Kc8 57. Kxe6 h4 58. d7+ Kd8 59. Nc6+ Kc7 60. d8=Q+ 1-0


[Site "https://www.chess.com"]

[Event "Titled Tuesday Blitz September 27 Early 2022"]
[White "Burmakin, Vladimir"]
[Black "Mikhailovsky, Vladimir"]
[WhiteFideId "4105109"]
[BlackFideId "34105414"]
[WhiteElo "2665"]
[BlackElo "2773"]
[Result "1-0"]
[Round "08"]
[TimeControl "180+1"]
[Date "2022.09.27"]
[WhiteClock "0:01:08"]
[BlackClock "0:00:03"]

1. c4 b6 2. Nf3 Bb7 3. d4 Nf6 4. Nc3 g6 5. e3 Ne4 6. Nxe4 Bxe4 7. Bd3 Bxd3 8. Qxd3 Bg7 9. e4 O-O 10. O-O c5 11. d5 d6 12. Qe2 a6 13. a4 Nd7 14. Bf4 Ne5 15. Nxe5 Bxe5 16. Bxe5 dxe5 17. Qe3 Qd6 18. Qc3 Rab8 19. f4 f6 20. fxe5 Qxe5 21. Qxe5 fxe5 22. Ra3 b5 23. Rxf8+ Kxf8 24. cxb5 axb5 25. a5 b4 26. Ra1 Ke8 27. b3 Kd7 28. Kf2 Kc7 29. Ke3 Kb7 30. a6+ Ka7 31. Kd3 Rf8 32. Ra2 Rf1 33. Kc4 Rc1+ 34. Kb5 Rc3 35. Rf2 c4 36. bxc4 b3 37. Rb2 Re3 38. c5 Rxe4 39. Rxb3 Rd4 40. Kc6 e4 41. Rb7+ Kxa6 42. Rxe7 Ka5 43. d6 Kb4 44. d7 Kc3 45. Kc7 Kd2 46. c6 e3 47. d8=Q Rxd8 48. Kxd8 e2 49. c7 1-0


[Site "https://www.chess.com"]